 Dungeon Crawl Stone Soup version 0.29-a0-813-g4a14ea37d6 (webtiles) character file.

Game seed: 3781632000723562165

6 gobodom the Sneak (level 1, -4/15 HPs)
             Began as a Naga Enchanter on July 4, 2022.
             Constricted to death by Sigmund (5 damage)
             ... on level 2 of the Dungeon.
             The game lasted 00:02:09 (1391 turns).

gobodom the Sneak (Naga Enchanter)                  Turns: 1391, Time: 00:02:10

Health: -4/15      AC:  1    Str: 10    XL:     1   Next: 90%
Magic:  3/3        EV:  6    Int: 15    God:
Gold:   64         SH:  0    Dex: 11    Spells: 4/4 levels left

rFire   . . .      SeeInvis +   a - +1 dagger
rCold   . . .      Faith    .   (no shield)
rNeg    . . .      Spirit   .   b - +0 robe
rPois   +          Reflect  .   (no helmet)
rElec   .          Harm     .   (no cloak)
rCorr   .          Rampage  .   (no gloves)
Will    .....                   (no barding)
Stlth   +++.......              (no amulet)
HPRegen 0.05/turn               (no ring)
MPRegen 0.08/turn               (no ring)

@: grasped by roots, constricted, very slow
A: AC +0, large, see invisible, deformed body, poison resistance, slowness 2,
spit poison 1, naga tail 1
a: Spit Poison


You were on level 2 of the Dungeon.
You visited 1 branch of the dungeon, and saw 2 of its levels.

You collected 64 gold pieces.

Inventory:

Hand Weapons
 a - a +1 dagger (weapon)
Missiles
 g - 4 silver javelins
Armour
 b - a +0 robe (worn)
Scrolls
 h - a scroll of vulnerability {unknown}
 i - a scroll of brand weapon {unknown}
 k - a scroll of teleportation {unknown}
 l - a scroll of noise {unknown}
Potions
 c - 2 potions of invisibility
 d - 2 potions of might {unknown}
 e - 2 potions of attraction {unknown}
 f - a potion of lignification {unknown}
 j - a potion of degeneration {unknown}


   Skills:
 + Level 1.0 Short Blades
 + Level 1.5 Dodging
 + Level 4.6 Stealth
 + Level 2.2 Spellcasting
 + Level 3.1 Hexes


You had 4 spell levels left.
You didn't know any spells.
Your spell library contained the following spells:

 Spells                   Type           Power      Damage    Failure   Level
 Slow                     Hex            44%        N/A       6%          1
 Ensorcelled Hibernation  Hex/Ice        12%        N/A       17%         2
 Confusing Touch          Hex            11%        N/A       19%         3
 Tukima's Dance           Hex            11%        N/A       19%         3
 Dazzling Flash           Conj/Hex       12%        N/A       34%         3
 Vampiric Draining        Necr           1%         2d6       54%         3


Dungeon Overview and Level Annotations

Branches:
Dungeon (2/15)

Altars:

Shops:
D:1 (

Annotations:
D:2 Sigmund


Innate Abilities, Weirdness & Mutations

Your serpentine skin is tough. (AC +0)
You have supernaturally acute eyesight. (SInv)
Armour fits poorly on your strangely shaped body.
Your system is resistant to poisons. (rPois)
You cover ground very slowly.
You can spit poison.
You have a snake-like lower body.


Message History

There is a large open door here.
You have got your breath back.
You barely miss the worm.
The worm is heavily wounded.
The worm bites you!
Sigmund the Dreaded comes into view.
He is wielding a +0 scythe, wearing a +1 robe of resistance and carrying a wand of roots (6).
The worm looks more healthy.
The adder bites you.
There is a large open door here.
The adder bites you.
There is a large open door here.
You are too injured to fight recklessly!
You don't know any spells.
Aiming: Spit Poison (3% risk of failure)
Press: ? - help, Shift-Dir - straight line, f/p - worm
Aim: a worm (heavily wounded, 84% to hit)
The splash of poison misses the adder.
The splash of poison hits the worm.
The worm is severely wounded.
The adder closely misses you.
You miss the adder.
Sigmund gestures wildly while chanting.
Sigmund flickers and vanishes for a moment.
The adder closely misses you.
You miss the adder. The adder misses you.
You miss the adder.
You have got your breath back.
The adder bites you but does no damage. The adder bites you.
You hit the adder but do no damage. The adder bites you.
* * * LOW HITPOINT WARNING * * *
You closely miss the adder. The adder bites you.
* * * LOW HITPOINT WARNING * * *
You hit the adder.
The adder is moderately wounded.
The adder bites you.
* * * LOW HITPOINT WARNING * * *
Sigmund zaps a wand.
The roots erupt in riotous growth!
The adder is unaffected.
The grasping roots grab you!
The worm is unaffected.
Sigmund is unaffected.
The grasping roots constrict you.
You die...

#....# #....#
#....+ ####....##
## ..#.....#...
##+###.##........
#......##@.......
#......@Sw.......
#......##...#....
#......###### .
#.......#
#.......#
##......#
#......# #......+
#......##


You could see Sigmund (invisible), a worm and an adder.

Vanquished Creatures
  A bat (D:1)
  2 goblins (D:1)
  A ball python (D:1)
  A frilled lizard (D:1)
  A kobold (D:1)
6 creatures vanquished.

Notes
Turn   | Place    | Note
-------+----------+-------------------------------------------
     0 | D:1      | gobodom the Naga Enchanter began the quest for the Orb.
     0 | D:1      | Reached XP level 1. HP: 15/15 MP: 3/3
   843 | D:1      | Found Dofu's Antique Weapon Shop.
  1382 | D:2      | Noticed Sigmund
  1391 | D:2      | Constricted to death by Sigmund

Illustrated notes

Levels and vault maps discovered:
D:1:      minmay_arrival_widening_spiral_narrow, layout_loops_corners,
          serial_shops, nicolae_square_shop
D:2:      layout_basic, basic_ecumenical_altar, ebering_dispersal_statue_hall,
          uniq_sigmund

Action                   || total
-------------------------++-------
Melee: Dagger            ||    23
 Abil: Spit Poison       ||     7
 Stab: Sleeping          ||     1
Armor: Robe              ||     4
Dodge: Dodged            ||    11

Table legend: (Time is in decaauts)
 A = Elapsed time spent in this place.
 B = Non-inter-level travel time spent in this place.
 C = Inter-level travel time spent in this place.
 D = Time resting spent in this place.
 E = Time spent auto-exploring this place.
 F = Levels seen in this place.
 G = Mean time per level.
                   A        B        C        D        E       F      G
               +--------+--------+--------+--------+--------+-----+--------+
         Total |   1803 |   1757 |     46 |    203 |   1419 |   2 |  901.5 |
       Dungeon |   1803 |   1757 |     46 |    203 |   1419 |   2 |  901.5 |
               +--------+--------+--------+--------+--------+-----+--------+

Top non-repeatable levels by time:
     D:1: 1752 daAuts
     D:2: 50 daAuts
